 Dungeon Crawl Stone Soup version 0.21.0-3-g78d12a8 (webtiles) character file.

6535 Stormphoenix the Severer (level 10, 0/117 HPs)
             Began as a Minotaur Berserker on Jan 17, 2018.
             Was a High Priest of Trog.
             Slain by an unseen horror (10 damage)
             ... on level 10 of the Dungeon.
             The game lasted 00:26:28 (7995 turns).

Stormphoenix the Severer (Minotaur Berserker)       Turns: 7995, Time: 00:26:29

Health: 0/117      AC: 12    Str: 31    XL:     10   Next: 69%
Magic:  3/3        EV: 12    Int:  6    God:    Trog [*****.]
Gold:   509        SH:  0    Dex: 13    Spells: 9/9 levels left

rFire    + . .     SeeInvis .   l - +3 battleaxe (antimagic)
rCold    . . .     Gourm    .   (shield currently unavailable)
rNeg     . . .     Faith    .   o - +2 ring mail of the Lion {rElec rPois rF+ Str+4}
rPois    +         Spirit   .   (helmet restricted)
rElec    +         Reflect  .   j - scarf {repulsion}
rCorr    .         Harm     .   v - +0 pair of gloves
MR       .....                  d - +0 pair of boots
Stlth    ..........             (no amulet)
HPRegen  0.29/turn              (no ring)
MPRegen  0.08/turn              (no ring)

@: berserking, repel missiles, very quick
A: retaliatory headbutt, horns 2, clever 1, mutation resistance 1
a: Berserk, Trog's Hand, Brothers in Arms, Burn Spellbooks, Renounce Religion


You were on level 10 of the Dungeon.
You worshipped Trog.
Trog was extremely pleased with you.
You were very hungry.

You visited 1 branch of the dungeon, and saw 10 of its levels.

You collected 509 gold pieces.

Inventory:

Hand Weapons
 l - a +3 antimagic battleaxe (weapon)
Armour
 d - a +0 pair of boots (worn)
 j - a scarf of repulsion (worn)
 o - the +2 ring mail of the Lion (worn) {rElec rPois rF+ Str+4}
   (You found it on level 5 of the Dungeon)

   It affects your strength (+4).
   It protects you from fire.
   It insulates you from electricity.
   It protects you from poison.
 v - a +0 pair of gloves (worn)
Wands
 b - a wand of polymorph (8)
 q - a wand of iceblast (6)
 u - a wand of enslavement (14)
Scrolls
 a - 3 scrolls of blinking
 g - 3 scrolls of enchant weapon
 i - 3 scrolls of enchant armour
 k - 7 scrolls of identify
 n - a scroll of fog
 p - 3 scrolls of remove curse
 t - 3 scrolls of teleportation
 x - a scroll of torment
Potions
 e - 4 potions of curing
 h - 3 potions of might
 m - a potion of agility
 r - a potion of mutation
 s - 2 potions of flight
Comestibles
 c - 20 rations
 f - a chunk of flesh


   Skills:
 - Level 3.9 Fighting
 + Level 15.4 Axes
 - Level 11.1 Armour
 - Level 2.5 Dodging


You had 9 spell levels left.
You didn't know any spells.

Dungeon Overview and Level Annotations

Branches:
Dungeon (10/15)            Temple (0/1) D:7            Lair (0/6) D:8
    Orc: D:9-12

Altars:
Ashenzari
Elyvilon
Fedhas
Gozag
Kikubaaqudgha
Makhleb
Nemelex Xobeh
Okawaru
Uskayaw
Zin
The Shining One

Shops:
D:5 *   D:9 }

Annotations:
D:6 1 runed door


Innate Abilities, Weirdness & Mutations

You reflexively headbutt those who attack you in melee.
You have a pair of horns on your head.
Your mind is acute. (Int +2)
You are somewhat resistant to further mutation.


Message History

The hippogriff claws you.
* * * LOW HITPOINT WARNING * * *
You hit the hippogriff.
The hippogriff is moderately wounded.
The hippogriff bites you but does no damage.
The hippogriff misses you.
The hippogriff claws you but does no damage.
A red film seems to cover your vision as you go berserk!
You feel yourself moving faster!
You feel mighty!
You are feeling very hungry.
Something hits you.
* * * LOW HITPOINT WARNING * * *
Something hits you.
* * * LOW HITPOINT WARNING * * *
The hippogriff bites you but does no damage.
The hippogriff barely misses you. The hippogriff closely misses you.
You closely miss the hippogriff. You headbutt the hippogriff!
The hippogriff is severely wounded.
You barely miss something. Something completely misses you. Something hits you!
You die...

................#
................#
................#
................#
.....(..........#
.######.##..##..# ###
+######.###+##..##########...#
.?...............#............
...............H@'............
........†.......!#............
#+###..###..##..###...####...#
..###..###+###..# #...# ..#
..#..................... ..
..'.............?.....(.. .
..#######...#######..##.##
..### ##'# #..# .# ....# ....
$.


You could see a hippogriff.

Vanquished Creatures
  A two-headed ogre (D:8)
  Pikel (D:5)
  A centaur zombie (D:10)
  2 hippogriffs
  A wyvern (D:8)
  A spriggan (D:7)
  A hungry ghost (D:9)
  A water moccasin (D:10)
  Duvessa (D:5)
  4 orc warriors
  2 sky beasts
  A slave (D:5)
  A necrophage (D:7)
  An ice beast (D:10)
  A phantom (D:8)
  2 ogres
  3 centaurs
  2 big kobolds
  4 bullfrogs
  2 gnoll sergeants (D:6)
  Dowan (D:5)
  A wyvern skeleton (D:9)
  3 scorpions
  3 killer bees (D:10)
  8 wights
  2 howler monkeys
  3 crimson imps
  7 hounds
  9 orc priests
  4 bullfrog skeletons
  Ijyb (D:5)
  An iguana (D:6)
  16 orc wizards
  6 worker ants
  A killer bee zombie (D:9)
  A hound skeleton (D:6)
  4 gnolls (D:6)
  7 adders
  3 shadow imps
  3 adder skeletons
  A worm (D:5)
  6 dart slugs
  11 leopard geckos
  39 orcs
  3 ball pythons
  5 giant cockroaches
  3 goblins
  8 hobgoblins
  10 jackals
  16 kobolds
  3 quokkas
  7 bats
  7 frilled lizards
  A jackal skeleton (D:6)
  A leopard gecko skeleton (D:7)
  8 rats
246 creatures vanquished.

Vanquished Creatures (others)
  3 plants (D:6)
3 creatures vanquished.

Grand Total: 249 creatures vanquished

Notes
Turn   | Place    | Note
-------+----------+-------------------------------------------
     0 | D:1      | Stormphoenix the Minotaur Berserker began the quest for the Orb.
     0 | D:1      | Reached XP level 1. HP: 19/19 MP: 0/0
   301 | D:1      | Reached XP level 2. HP: 23/27 MP: 1/1
   619 | D:1      | Reached skill level 4 in Axes
   741 | D:2      | Reached XP level 3. HP: 20/33 MP: 2/2
   876 | D:2      | Found a glowing golden altar of the Shining One.
  1177 | D:2      | Reached ** piety under Trog
  1385 | D:2      | Found an ancient bone altar of Kikubaaqudgha.
  1559 | D:3      | Reached skill level 5 in Axes
  1561 | D:3      | Reached XP level 4. HP: 31/40 MP: 3/3
  1627 | D:3      | Reached skill level 6 in Axes
  1761 | D:3      | Reached XP level 5. HP: 46/46 MP: 4/4
  1959 | D:3      | Reached skill level 7 in Axes
  1966 | D:3      | Reached *** piety under Trog
  2107 | D:4      | Found a shattered altar of Ashenzari.
  2131 | D:4      | Found a sparkling altar of Nemelex Xobeh.
  2328 | D:4      | Reached XP level 6. HP: 52/52 MP: 5/5
  2488 | D:4      | Reached skill level 8 in Axes
  2821 | D:4      | Gained mutation: Your mind is acute. (Int +2) [potion of mutation]
  2821 | D:4      | Gained mutation: You are somewhat resistant to further mutation. [potion of mutation]
  2862 | D:5      | Entered Level 5 of the Dungeon
  2865 | D:5      | Found Anumoq's Elemental Accessories.
  2949 | D:5      | Got a bloodstained ring mail
  2950 | D:5      | Identified the +2 ring mail of the Lion {rElec rPois rF+ Str+4} (You found it on level 5 of the Dungeon)
  3063 | D:5      | Found an iron altar of Okawaru.
  3063 | D:5      | Noticed Ijyb
  3065 | D:5      | Noticed a sky beast
  3071 | D:5      | Reached skill level 9 in Axes
  3072 | D:5      | Killed Ijyb
  3072 | D:5      | Reached XP level 7. HP: 58/58 MP: 6/6
  3090 | D:5      | Reached skill level 10 in Axes
  3466 | D:5      | Noticed Pikel
  3475 | D:5      | Killed Pikel
  3475 | D:5      | Reached skill level 11 in Axes
  3475 | D:5      | Reached XP level 8. HP: 66/66 MP: 7/7
  3516 | D:5      | Got a polished hand axe
  3517 | D:5      | Identified the +6 hand axe of Irhovil {flame, rF+} (You found it on level 5 of the Dungeon)
  3519 | D:5      | Noticed Duvessa
  3519 | D:5      | Noticed Dowan
  3523 | D:5      | Killed Duvessa
  3523 | D:5      | Reached skill level 12 in Axes
  3524 | D:5      | Killed Dowan
  3683 | D:6      | Reached **** piety under Trog
  3720 | D:6      | Reached skill level 13 in Axes
  3733 | D:6      | Reached XP level 9. HP: 46/71 MP: 8/8
  4086 | D:6      | Reached skill level 14 in Axes
  4194 | D:6      | Found a white marble altar of Elyvilon.
  4291 | D:6      | Found a runed door.
  4292 | D:6      | Found a glowing silver altar of Zin.
  4292 | D:6      | Noticed an angel
  4433 | D:6      | Found a blossoming altar of Fedhas.
  4453 | D:6      | Found a hide-covered altar of Uskayaw.
  5004 | D:7      | Found a staircase to the Ecumenical Temple.
  5132 | D:7      | Reached ***** piety under Trog
  5351 | D:7      | Found a glowing golden altar of the Shining One.
  5855 | D:8      | Reached skill level 5 in Armour
  6331 | D:8      | Noticed a two-headed ogre
  6339 | D:8      | Killed a two-headed ogre
  6339 | D:8      | Reached XP level 10. HP: 78/78 MP: 9/9
  6596 | D:8      | Found a staircase to the Lair.
  6748 | D:8      | Found a burning altar of Makhleb.
  6750 | D:8      | Noticed a cacodemon
  6839 | D:8      | Found a glowing silver altar of Zin.
  6839 | D:8      | Found an opulent altar of Gozag.
  6891 | D:9      | Found Ixtet Othru's Gadget Shop.
  6923 | D:9      | Reached skill level 10 in Armour
  7197 | D:9      | Received a gift from Trog
  7734 | D:10     | Entered Level 10 of the Dungeon
  7842 | D:10     | Reached skill level 15 in Axes
  7995 | D:10     | Slain by an unseen horror

Skill      XL: |  1  2  3  4  5  6  7  8  9 10 |
---------------+-------------------------------+-----
Axes           | 4 5 6 7 9 11 13 14 15 | 15.4
Armour         | 9 11 | 11.1
Fighting       | |  3.9
Dodging        | |  2.5

Action                   |  1- 3 |  4- 6 |  7- 9 | 10-12 || total
-------------------------+-------+-------+-------+-------++-------
Melee: Hand axe          |    86 |   135 |   144 |       ||   365
       Headbutt          |     8 |    31 |    34 |    33 ||   106
       War axe           |       |     8 |    41 |    85 ||   134
       Battleaxe         |       |       |       |    69 ||    69
Invok: Berserk           |       |     2 |     6 |     2 ||    10
       Burn Spellbooks   |       |       |     1 |     1 ||     2
  Use: Scroll            |     4 |     3 |    10 |     1 ||    18
       Potion            |     1 |     2 |     6 |       ||     9
  Eat: Chunk             |     2 |     6 |     8 |     5 ||    21
       Ration            |       |       |     2 |     1 ||     3
Armor: Robe              |     3 |       |       |       ||     3
       Plate armour      |    69 |    70 |       |       ||   139
       Ring mail         |       |     2 |    51 |    68 ||   121
Dodge: Dodged            |    42 |    42 |    83 |   101 ||   268
       Deflected         |       |     3 |     7 |     5 ||    15
